 Dungeon Crawl Stone Soup version 0.23-a0-577-g2b1de94 (webtiles) character file.

17134 Inarius the Cleaver (level 12, -9/97 HPs)
             Began as a Human Chaos Knight on Dec 14, 2018.
             Was a Plaything of Xom.
             Mangled by a harpy (10 damage)
             ... summoned by Kirke
             ... on level 12 of the Dungeon.
             The game lasted 00:31:48 (12996 turns).

Inarius the Cleaver (Human Chaos Knight)           Turns: 12996, Time: 00:31:50

Health: -9/97      AC:  0    Str: 18    XL:     12   Next: 78%
Magic:  0/16       EV: 17    Int: 15    God:    Xom [......]
Gold:   2363       SH:  0    Dex: 14    Spells: 11/11 levels left

rFire    . . .     SeeInvis .   (weapon currently unavailable)
rCold    . . .     Gourm    .   (shield currently unavailable)
rNeg     . . .     Faith    .   (armour currently unavailable)
rPois    .         Spirit   +   (helmet currently unavailable)
rElec    .         Reflect  .   (cloak currently unavailable)
rCorr    .         Harm     .   (gloves currently unavailable)
MR       +....                  (boots currently unavailable)
Stlth    ++........             I - amulet of guardian spirit
HPRegen  0.26/turn              (ring currently unavailable)
MPRegen  0.15/turn              (ring currently unavailable)

@: pig-form, slowed
A: small, agile 1, clever 1, magic resistance 1, wild magic 3, evolution 1
a: Renounce Religion


You were on level 12 of the Dungeon.
You worshipped Xom.
You were a very special plaything of Xom.
You were not hungry.
You were a filthy swine.
You visited 2 branches of the dungeon, and saw 13 of its levels.

You collected 2818 gold pieces.
You spent 455 gold pieces at shops.

Inventory:

Hand Weapons
 e - a +5 war axe of freezing (melded)
 M - a +3 morningstar of protection
Missiles
 g - 2 javelins (quivered)
 H - 41 stones
 R - 3 throwing nets
Armour
 d - a +4 scale mail of fire resistance (melded)
 j - a +0 helmet
 w - a +0 cloak (melded)
 A - a +2 chain mail of positive energy
 E - a +0 buckler (melded)
 G - a +0 pair of gloves (melded)
 K - a +1 chain mail of cold resistance
 O - a +0 hat (melded)
Jewellery
 a - an uncursed ring of ice
 n - an uncursed ring of magical power
 z - a cursed ring of positive energy (melded)
 D - a +4 ring of slaying (melded)
 I - an amulet of guardian spirit (around neck)
 J - an uncursed ring of ice
 Q - an uncursed amulet of faith {unknown}
Wands
 f - a wand of random effects (7)
 x - a wand of flame (38)
 F - a wand of polymorph (28)
Scrolls
 b - a scroll of fog
 k - 4 scrolls of amnesia
 l - 3 scrolls of enchant weapon
 p - 2 scrolls of immolation
 r - 5 scrolls of magic mapping
 s - 6 scrolls of remove curse
 y - a scroll of teleportation
 B - a scroll of random uselessness {unknown}
 C - 3 scrolls of enchant armour
 L - a scroll of summoning
 N - 3 scrolls of identify
Potions
 h - 8 potions of curing
 i - 3 potions of magic
 m - 2 potions of might
 o - 2 potions of flight
 q - 4 potions of mutation
 t - 2 potions of lignification
 u - 3 potions of agility
 v - a potion of brilliance
Comestibles
 c - 29 rations
 P - 6 chunks of flesh


   Skills:
 * Level 9.8 Fighting
 * Level 13.9(14.0) Axes
 + Level 0.9(9.3) Maces & Flails
 + Level 1.3 Throwing
 + Level 6.8 Armour
 + Level 4.8 Dodging
 - Level 1.5 Stealth
 + Level 2.5 Shields
 + Level 5.9 Evocations


You had 11 spell levels left.
You didn't know any spells.
Your spell library contained the following spells:

 Spells                   Type           Power        Failure   Level  Hunger
 Shock                    Conj/Air       #...         52%         1    ##.....
 Swiftness                Chrm/Air       #.......     65%         2    ###....
 Static Discharge         Conj/Air       #.......     85%         3    ####...
 Airstrike                Air            #.........   99%         4    #####..
 Bolt of Magma            Conj/Fire/Erth #.........   100%        5    ######.
 Iskenderun's Battlesphe  Conj/Chrm      #.......     100%        5    ######.
 Lightning Bolt           Conj/Air       #.........   100%        5    ######.
 Venom Bolt               Conj/Pois      #.........   100%        5    ######.
 Iron Shot                Conj/Erth      #.........   100%        6    #######
 Orb of Destruction       Conj           #.........   100%        7    #######
 Spellforged Servitor     Conj/Summ      #.........   100%        7    #######


Dungeon Overview and Level Annotations

Branches:
Dungeon (12/15)            Temple (1/1) D:5            Lair (0/6) D:9
    Orc (0/2) D:9

Altars:
Ashenzari
Dithmenos
Hepliaklqana
Kikubaaqudgha
Nemelex Xobeh
Okawaru
Qazlal
Ru
Sif Muna
Uskayaw
Xom
Beogh

Shops:
D:5 %   D:6 *}?   D:8 (**

Annotations:
D:12 Kirke


Innate Abilities, Weirdness & Mutations

((You have a pair of antennae on your head.))
((You have hoof-like feet.))
((You are partially covered in iridescent scales. (AC +2)))
((You are partially covered in yellow scales. (AC +2)))
You are agile. (Dex +2)
Your mind is acute. (Int +2)
You are resistant to hostile enchantments. (MR+)
Your spells are much harder to cast, but much more powerful.
You evolve.
((Your movements are slightly less encumbered by armour. (ER -2)))


Message History

The hog barely misses you. The hog bites you.
* * * LOW HITPOINT WARNING * * *
You hear some strange, mumbled words.
Something summons some harpies!
The hog completely misses you. The hog bites you!
* * * LOW HITPOINT WARNING * * *
The hog closely misses you.
Okay, then.
The hog misses you. The harpy completely misses you. The harpy misses you.
The harpy screeches!
The harpy misses you. The harpy barely misses you.
The harpy screeches!
The harpy claws you!!
* * * LOW HITPOINT WARNING * * *
Xom roars with laughter!
The harpy claws you!
You die...
Xom thinks this is hilarious!

......##................#
......#.................##
.....##.##h###...........#
....###.....##..#........#
..####..##...#..##.>.##### .##
#... ##...........### ## #...
#....h..###....###
#####.....#...H.H.........##
.#.# ..#.......Hh........>.#
...#.. #.............#.....#
.....................#.....#
..........................###
............................##
.............................##
.......
....................<.###
##.#...
........................ .# ..
....................


You could see 3 harpies and 2 hogs.

Vanquished Creatures
  Gastronok (D:10)
  Harold (D:11)
  Fannar (D:10)
  A hydra (D:11)
  Erica (D:10)
  A two-headed ogre (D:11)
  Nergalle (D:11)
  A deep elf mage (D:8)
  Psyche (D:9)
  Maurice (D:10)
  2 gargoyles (D:11)
  5 trolls
  2 hornets
  2 hippogriffs
  Grum (D:10)
  A hungry ghost (D:11)
  12 yaks
  A steam dragon (D:11)
  3 hogs (D:12)
  2 water moccasins (D:10)
  An eye of draining (D:11)
  An ice beast (D:8)
  2 sky beasts
  2 orc warriors
  A black bear (D:6)
  3 ogres
  2 centaurs
  4 necrophages
  3 wolves (D:10)
  3 big kobolds
  4 bullfrogs
  Blork the orc (D:6)
  A gnoll sergeant (D:9)
  3 scorpions
  5 killer bees
  4 howler monkeys
  7 wights (D:7)
  6 crimson imps
  4 centaur zombies
  A bullfrog zombie (D:6)
  A bullfrog skeleton (D:6)
  5 hounds
  3 jellies
  5 orc priests
  A gnoll shaman (D:7)
  7 orc wizards
  An iron imp (D:5)
  Ijyb (D:4)
  4 iguanas
  8 worker ants
  2 mummies (D:7)
  A howler monkey zombie (D:6)
  10 gnolls
  6 adders
  A river rat (D:3)
  3 shadow imps
  An ooze (D:4)
  2 adder skeletons
  3 worms
  2 dart slugs
  9 leopard geckos
  25 orcs
  3 ball pythons
  7 giant cockroaches
  3 goblins
  10 hobgoblins
  9 jackals
  2 quokkas
  11 bats
  12 frilled lizards
  A jackal skeleton (D:5)
  17 kobolds
  A leopard gecko zombie (D:5)
  4 rats
280 creatures vanquished.

Vanquished Creatures (collateral kills)
  An orc wizard (D:3)
  An iguana (D:5)
  A leopard gecko (D:5)
  An orc (D:3)
  A kobold (D:3)
  A frilled lizard (D:5)
6 creatures vanquished.

Vanquished Creatures (others)
  A jackal (D:6)
1 creature vanquished.

Grand Total: 287 creatures vanquished

Notes
Turn   | Place    | Note
-------+----------+-------------------------------------------
     0 | D:1      | Inarius the Human Chaos Knight began the quest for the Orb.
     0 | D:1      | Reached XP level 1. HP: 18/18 MP: 1/1
    90 | D:1      | XOM: harmless Necr miscast
   270 | D:1      | Reached XP level 2. HP: 24/24 MP: 2/2
   274 | D:1      | XOM: 6-stop teleportation journey
   376 | D:1      | XOM: harmless Ice miscast
   377 | D:1      | XOM: scenery: create altars
   452 | D:1      | XOM: noise
   921 | D:2      | Found an ancient bone altar of Kikubaaqudgha.
   927 | D:2      | Reached XP level 3. HP: 28/29 MP: 3/3
  1326 | D:2      | XOM: noise
  1352 | D:2      | XOM: harmless Ice miscast
  1384 | D:2      | Reached skill level 4 in Axes
  1399 | D:2      | Found a shattered altar of Ashenzari.
  1419 | D:2      | Reached XP level 4. HP: 35/35 MP: 4/4
  1562 | D:2      | Found a stormy altar of Qazlal.
  1860 | D:3      | Found a shimmering altar of Xom.
  1881 | D:3      | XOM: summons 4 friendly demons
  1898 | D:3      | Reached XP level 5. HP: 12/41 MP: 5/5
  1981 | D:3      | XOM: summons 3 hostile shadow creatures
  1988 | D:3      | HP: 3/61 [poisoned by a kobold]
  2006 | D:3      | XOM: god gift: runed scale mail {god gift}
  2477 | D:3      | Found a shimmering altar of Xom.
  2485 | D:3      | XOM: god gift: pink potion {god gift}
  2635 | D:3      | XOM: give mutations
  2635 | D:3      | Gained mutation: Your spells are a little harder to cast,
                  | but a little more powerful. [Xom's grace]
  2635 | D:3      | Gained mutation: You have a pair of small antennae on your
                  | head. [Xom's grace]
  2635 | D:3      | Gained mutation: Your movements are slightly less
                  | encumbered by armour. (ER -2) [Xom's grace]
  2674 | D:3      | Reached XP level 6. HP: 46/48 MP: 6/6
  2774 | D:3      | Reached skill level 5 in Axes
  2774 | D:3      | Reached skill level 1 in Stealth
  3313 | D:4      | XOM: give mutations
  3313 | D:4      | Gained mutation: You are resistant to hostile enchantments.
                  | (MR+) [Xom's grace]
  3313 | D:4      | Gained mutation: You evolve. [Xom's grace]
  3313 | D:4      | Gained mutation: You expend magic power (3 MP) to
                  | strengthen your wands. [Xom's grace]
  3474 | D:4      | Found a hide-covered altar of Uskayaw.
  3562 | D:4      | Noticed Ijyb
  3572 | D:4      | Killed Ijyb
  3572 | D:4      | Reached XP level 7. HP: 52/53 MP: 7/7
  3905 | D:5      | Entered Level 5 of the Dungeon
  3940 | D:5      | Reached skill level 6 in Axes
  3964 | D:5      | XOM: summons friendly quasit
  4122 | D:5      | XOM: scenery: 1 doors open, 1 doors close
  4135 | D:5      | Found a staircase to the Ecumenical Temple.
  4142 | D:5      | Found Uxter's Food Boutique.
  4193 | D:5      | Reached skill level 1 in Evocations
  4196 | D:5      | XOM: confuse monster(s)
  4225 | Temple   | Entered the Ecumenical Temple
  4531 | D:5      | XOM: blink monster(s)
  4542 | D:5      | Reached XP level 8. HP: 61/61 MP: 9/9
  4762 | D:5      | Reached skill level 1 in Throwing
  4920 | D:5      | XOM: noise
  5145 | D:6      | XOM: divination: detect creatures
  5208 | D:6      | Noticed Blork the orc
  5244 | D:6      | Killed Blork the orc
  5244 | D:6      | Reached skill level 7 in Axes
  5244 | D:6      | Lost mutation: You expend magic power (3 MP) to strengthen
                  | your wands. [evolution]
  5470 | D:6      | XOM: harmless Hex miscast
  5474 | D:6      | XOM: cast spell 'Metabolic Englaciation'
  5728 | D:6      | Found Ajysiupp's Magic Scroll Shoppe.
  5734 | D:6      | Bought a scroll of magic mapping for 49 gold pieces
  5734 | D:6      | Bought a scroll of teleportation for 42 gold pieces
  5734 | D:6      | Bought a scroll of remove curse for 42 gold pieces
  5734 | D:6      | Bought a scroll of enchant armour for 105 gold pieces
  6052 | D:6      | Found Zej Fuah's Gadget Shop.
  6119 | D:6      | XOM: god gift: wand of iceblast (6)
  6130 | D:6      | Found Ydacea's General Store.
  6353 | D:6      | XOM: give mutations
  6353 | D:6      | Gained mutation: You are agile. (Dex +2) [Xom's grace]
  6353 | D:6      | Gained mutation: You are partially covered in yellow
                  | scales. (AC +2) [Xom's grace]
  6353 | D:6      | Gained mutation: You have large cloven feet. [Xom's grace]
  6537 | D:6      | XOM: scenery: create altars
  6569 | D:7      | XOM: confuse monster(s)
  6573 | D:7      | XOM: cleaving
  6576 | D:7      | Reached skill level 5 in Fighting
  6585 | D:7      | XOM: confuse monster(s)
  6592 | D:7      | XOM: scenery: create altars
  6683 | D:7      | XOM: god gift: scroll of amnesia
  6691 | D:7      | Reached skill level 8 in Axes
  6691 | D:7      | Reached XP level 9. HP: 52/68 MP: 10/10
  6731 | D:7      | XOM: divination: detect items
  6933 | D:6      | XOM: scenery: create altars
  7225 | D:7      | XOM: cleaving
  7268 | D:6      | XOM: mild Chrm miscast
  7304 | D:6      | XOM: harmless Summ miscast
  7388 | D:7      | XOM: potion effect (invisibility)
  7390 | D:7      | Reached skill level 9 in Axes
  7517 | D:7      | XOM: scenery: create altars
  7774 | D:7      | XOM: give mutations
  7774 | D:7      | Gained mutation: Your spells are harder to cast, but more
                  | powerful. [Xom's grace]
  7774 | D:7      | Gained mutation: You can translocate small distances at
                  | will. [Xom's grace]
  7774 | D:7      | Gained mutation: Your spells are much harder to cast, but
                  | much more powerful. [Xom's grace]
  7774 | D:7      | Gained mutation: You are partially covered in iridescent
                  | scales. (AC +2) [Xom's grace]
  7823 | D:8      | XOM: enchant monster (good)
  7843 | D:8      | Found Xasaergh's Antique Weapon Boutique.
  7844 | D:8      | XOM: 1-stop teleportation journey
  7845 | D:8      | Noticed a deep elf mage
  7851 | D:8      | Killed a deep elf mage
  8007 | D:8      | Reached XP level 10. HP: 75/77 MP: 12/12
  8079 | D:8      | Reached skill level 10 in Axes
  8274 | D:8      | Found Ysavyifi's General Store.
  8282 | D:8      | Bought a potion of curing for 42 gold pieces
  8297 | D:8      | Found Fikesot's General Store.
  8365 | D:8      | XOM: smoke on damage
  8599 | D:9      | Noticed Psyche
  8603 | D:9      | Killed Psyche
  8620 | D:9      | XOM: god gift: ration
  8622 | D:9      | XOM: scenery: create altars
  8641 | D:9      | XOM: god gift: 2240 gold pieces
  8647 | D:9      | XOM: summons 1 hostile demon
  8655 | D:9      | Reached skill level 11 in Axes
  8747 | D:9      | XOM: 2-stop teleportation journey
  8766 | D:9      | Found a staircase to the Lair.
  8784 | D:9      | Found a staircase to the Orcish Mines.
  8842 | D:8      | Bought a runed morningstar for 175 gold pieces
  8869 | D:9      | Found a shadowy altar of Dithmenos.
  8948 | D:9      | Reached skill level 5 in Armour
  9072 | D:9      | Found a roughly hewn altar of Beogh.
  9080 | D:9      | XOM: 1-stop teleportation journey
  9082 | D:9      | XOM: chaos cloud
  9082 | D:9      | Paralysed by a hornet for 1 turns
  9084 | D:9      | XOM: noise
  9086 | D:9      | Paralysed by a hornet for 3 turns
  9358 | D:9      | XOM: harmless Ice miscast
  9404 | D:9      | XOM: harmless Necr miscast
  9501 | D:9      | Reached XP level 11. HP: 79/84 MP: 14/14
  9610 | D:9      | Found a sparkling altar of Nemelex Xobeh.
  9686 | D:9      | Found an iron altar of Okawaru.
  9796 | D:10     | Entered Level 10 of the Dungeon
  9796 | D:10     | Noticed Gastronok
  9796 | D:10     | Noticed Erica
  9799 | D:10     | XOM: blink monster(s)
  9898 | D:10     | XOM: divination: detect items
  9924 | D:10     | Noticed Maurice
  9930 | D:10     | XOM: confusion
  9934 | D:10     | XOM: summons friendly iron imp
  9956 | D:10     | Reached skill level 12 in Axes
 10035 | D:10     | Reached skill level 5 in Evocations
 10084 | D:10     | Killed Erica
 10084 | D:10     | Killed Maurice
 10084 | D:10     | Reached skill level 1 in Shields
 10159 | D:10     | XOM: noise
 10161 | D:10     | XOM: enchant monster (bad)
 10163 | D:10     | XOM: summons 11 friendly demons
 10165 | D:10     | XOM: smoke on damage
 10168 | D:10     | Killed Gastronok
 10512 | D:10     | XOM: noise
 10804 | D:9      | Found a hazy altar of Hepliaklqana.
 10804 | D:9      | Found a deep blue altar of Sif Muna.
 10855 | D:11     | Noticed Nergalle
 10855 | D:11     | XOM: destruction
 10856 | D:11     | Noticed Grum
 10859 | D:11     | Noticed a spectral orc warlord
 10861 | D:11     | Noticed a spectral orc warlord
 10951 | D:10     | XOM: confuse monster(s)
 10951 | D:10     | Killed Grum
 10974 | D:11     | Killed Nergalle
 11067 | D:10     | XOM: god gift: garnet ring {god gift}
 11258 | D:11     | Reached XP level 12. HP: 92/95 MP: 16/16
 11298 | D:11     | Reached skill level 13 in Axes
 11467 | D:11     | XOM: summons 6 hostile demons
 11468 | D:11     | Noticed a sixfirhy
 11560 | D:10     | Noticed Fannar
 11712 | D:10     | XOM: enchant monster (bad)
 11718 | D:10     | XOM: enchant monster (bad)
 11726 | D:10     | XOM: enchant monster (bad)
 11759 | D:10     | Killed Fannar
 11864 | D:10     | XOM: give mutations
 11864 | D:10     | Gained mutation: Your mind is acute. (Int +2) [Xom's grace]
 11864 | D:10     | Gained mutation: You have a pair of antennae on your head.
                  | [Xom's grace]
 11873 | D:10     | Gained mutation: You have hoof-like feet. [evolution]
 12073 | D:11     | XOM: stat loss: -1 Dex (13/14)
 12136 | D:11     | Noticed a six-headed hydra
 12143 | D:11     | Killed a six-headed hydra
 12228 | D:11     | Noticed a two-headed ogre
 12232 | D:11     | Killed a two-headed ogre
 12286 | D:11     | Noticed Harold
 12290 | D:11     | XOM: enchant monster (good)
 12301 | D:11     | Killed Harold
 12767 | D:11     | XOM: give mutation
 12767 | D:11     | Lost mutation: You can translocate small distances at will.
                  | [Xom's mischief]
 12806 | D:12     | XOM: confusion
 12945 | D:12     | Noticed Kirke
 12996 | D:12     | HP: 1/97 [harpy[Kirke] (14)]
 12996 | D:12     | Mangled by a harpy

Vault maps used:
D:1:      minmay_arrival_shattered_statue, hangedman_decor_slide_cut,
          supply_closet_lemuel, hangedman_abyss_or_decor_lesser_grid,
          minivault_27
D:2:      kiku_gazebo_garden_becter, old_standard_altar,
          nicolae_qazlal_general_emergency
D:3:      lemuel_crystal_altar, led_xom_imps
D:4:      eat_drink_and_be_merry_uskayaw, first_ration, uniq_ijyb
D:5:      minmay_temple_entry_overgrown, serial_shops, shop, corexii_shack,
          minmay_lizard_king
D:6:      serial_shops, shop, nicolae_shop_crystal, shop, serial_rivers,
          chequers_serial_rivers_micro_b, chequers_serial_rivers_small_a,
          chequers_serial_rivers_large_a, chequers_serial_rivers_small_b,
          uniq_blork_the_orc
D:7:      serial_undead, serial_undead_e, serial_undead_b, serial_undead_a,
          serial_undead_d
D:8:      wad_cavern_with_rooms, serial_shops, shop, nicolae_shop_crystal, shop
D:9:      grunt_dithmenos_smoke_and_mirrors, nicolae_overflow_hidden_temple,
          lair_entry_dummy, minmay_orc_entry_temple_small, uniq_psyche
D:10:     uniq_fannar, uniq_gastronok, uniq_erica, uniq_maurice
D:11:     uniq_nergalle, uniq_harold, uniq_grum
D:12:     minmay_opposing_rooms, uniq_kirke
Temple:   dshaligram_water_room_temple

Skill      XL: |  1  2  3  4  5  6  7  8  9 10 11 12 |
---------------+-------------------------------------+-----
Axes           | 4 5 6 8 9 11 12 13 | 13.9
Dodging        | 2 3 4 |  4.8
Stealth        | 1 |  1.5
Armour         | 3 4 5 6 |  6.8
Fighting       | 4 5 6 7 9 |  9.8
Evocations     | 1 2 3 4 5 |  5.9
Throwing       | 1 |  1.3
Shields        | 1 2 |  2.5
Maces & Flails | |  0.9

Action                   |  1- 3 |  4- 6 |  7- 9 | 10-12 || total
-------------------------+-------+-------+-------+-------++-------
Melee: Hand axe          |    85 |   200 |   297 |       ||   582
       Kick              |       |       |    50 |   111 ||   161
       War axe           |       |       |    43 |   333 ||   376
       Morningstar       |       |       |       |     6 ||     6
       Unarmed           |       |       |       |     1 ||     1
Throw: Stone             |    19 |     2 |    17 |       ||    38
       Javelin           |       |       |       |     2 ||     2
Evoke: Wand              |       |       |     2 |    15 ||    17
  Use: Potion            |       |     6 |     1 |     1 ||     8
       Scroll            |       |     4 |     6 |     7 ||    17
 Stab: Paralysed         |     3 |     2 |     3 |       ||     8
       Sleeping          |       |     1 |       |       ||     1
       Confused          |       |     5 |     2 |       ||     7
       Distracted        |       |       |     1 |     1 ||     2
       Petrifying        |       |       |     2 |       ||     2
       Invisible         |       |       |     5 |       ||     5
       Petrified         |       |       |       |     7 ||     7
  Eat: Chunk             |     1 |     8 |    11 |    13 ||    33
       Ration            |       |       |     1 |     1 ||     2
Armor: Leather armour    |    36 |    17 |       |       ||    53
       Scale mail        |       |    49 |   143 |   153 ||   345
       Skin              |       |    13 |       |       ||    13
       Chain mail        |       |       |       |    24 ||    24
Dodge: Dodged            |    84 |   104 |   157 |   177 ||   522
Block: Buckler           |       |       |     4 |    54 ||    58

Table legend:
 A = Non-vault XP
 B = Vault XP
 C = Vault XP percentage of total XP
 D = Non-vault monster count
 E = Vault monster count
 F = Vault count percentage of total count
                 A         B        C        D         E       F
            +---------+---------+-------+---------+---------+-------
      Total |   14666 |    9812 |  40.1 |     234 |      53 |  18.5
            +---------+---------+-------+---------+---------+-------
        D:1 |      26 |       0 |   0.0 |      18 |       0 |   0.0
        D:2 |      52 |       0 |   0.0 |      17 |       0 |   0.0
        D:3 |     171 |     198 |  53.7 |      32 |       4 |  11.1
        D:4 |     107 |      38 |  26.2 |       8 |       1 |  11.1
        D:5 |     534 |      95 |  15.1 |      15 |      12 |  44.4
        D:6 |     569 |      87 |  13.3 |      17 |       1 |   5.6
        D:7 |    1007 |     384 |  27.6 |      29 |       6 |  17.1
        D:8 |     451 |     818 |  64.5 |      12 |       4 |  25.0
        D:9 |    3222 |     569 |  15.0 |      30 |      11 |  26.8
       D:10 |    2001 |    4889 |  71.0 |      20 |       8 |  28.6
       D:11 |    5045 |    1872 |  27.1 |      27 |       2 |   6.9
       D:12 |    1481 |     862 |  36.8 |       9 |       4 |  30.8
            +---------+---------+-------+---------+---------+-------
